 Dungeon Crawl Stone Soup version 0.18.1-50-g88ac8fd (webtiles) character file.

235649 epen the Alchemist (level 19, -5/222 HPs)
             Began as a Naga Monk on Sept 17, 2016.
             Was the Champion of Cheibriados.
             Slain by a white very ugly thing (32 damage)
             ... on level 3 of the Abyss.
             The game lasted 01:20:54 (34405 turns).

epen the Alchemist (Naga Monk)                     Turns: 34405, Time: 01:20:55

Health: -5/222     AC: 32    Str: 30    XL:     19   Next: 63%
Magic:  32/32      EV: 33    Int: 31    God:    Cheibriados [******]
Gold:   1465       SH:  0    Dex: 32    Spells: 6 memorised, 16 levels left

rFire  . . .     SeeInvis +       - Unarmed
rCold  . . .     Gourm    .     (armour currently unavailable)
rNeg   + . .     Faith    +     (no shield)
rPois  ∞         Spirit   .     k - +2 hat
rElec  +         Dismiss  .     R - +0 cloak
rCorr  +         Reflect  .     (gloves currently unavailable)
SustAt .         Harm     .     (no barding)
MR     ++...                    g - amulet of faith
Stlth  +++.......               V - ring of resist corrosion
                                a - ring of Shaolin {EV+8}

@: about to teleport, statue-form, repel missiles, very slow, very resistant to
hostile enchantments, fairly stealthy
A: horns 1, see invisible, clever 1, deformed body, poison resistance, screaming
1, (slowness 0), slow metabolism 1, spit poison 2, constrict 1, AC +6
a: Spit Poison, End Transformation, Bend Time, Temporal Distortion, Slouch, Step
From Time, Renounce Religion
}: 1/15 runes: gossamer


You were on level 3 of the Abyss.
You worshipped Cheibriados.
Cheibriados was exalted by your worship.
You were not hungry.
You were a stone statue.
You visited 5 branches of the dungeon, and saw 30 of its levels.
You visited the Abyss 1 time.
You also visited: Labyrinth, Trove and Ice Cave.

You collected 3443 gold pieces.
You spent 1978 gold pieces at shops.

Inventory:

Missiles
 L - 2 throwing nets (quivered)
Armour
 i - a +0 robe of resistance (melded)
 k - a +2 hat (worn)
 F - the +1 pair of gloves of Sif Muna's Favour (melded) {rF+ Dex+7 SInv}
   (You acquired it on level 7 of the Dungeon)

   It affects your dexterity (+7).
   It protects you from fire.
   It lets you see invisible.
 O - the +0 pair of gloves of the Dozen Beggars {MR+ Int+2 Dex+2}
   (You found it in a labyrinth)

   It affects your intelligence (+2).
   It affects your dexterity (+2).
   It affects your resistance to hostile enchantments.
 P - a +0 naga barding (melded)
 R - a +0 cloak (worn)
 T - a +0 robe of magic resistance
Jewellery
 a - the ring of Shaolin (left hand) {EV+8}
   (You found it in a labyrinth)

   [ring of evasion]

   It affects your evasion (+8).
 g - an amulet of faith (around neck)
 r - an uncursed ring of protection from cold
 B - a +4 ring of slaying
 I - an uncursed ring of protection from fire
 N - the amulet of Muplam {RegenMP rC++ Stlth+}
   (You found it in a treasure trove)

   [amulet of magic regeneration]

   It increases your magic regeneration.
   It greatly protects you from cold.
   It makes you more stealthy.
 Q - the brooch of Shielding {Reflect SH+8}
   (You found it in a treasure trove)

   [amulet of reflection]

   It shields you and reflects attacks.
   It affects your SH (+8).
 V - a ring of resist corrosion (right hand)
Wands
 j - a wand of digging (14/24)
 y - a wand of teleportation (6/9)
Scrolls
 d - 20 scrolls of identify
 e - a scroll of acquirement
 f - 7 scrolls of blinking
 h - 3 scrolls of amnesia
 n - 9 scrolls of teleportation
 o - 5 scrolls of enchant armour
 s - 12 scrolls of recharging
 z - 2 scrolls of magic mapping
 A - 5 scrolls of fear
 D - 6 scrolls of fog
 M - 5 scrolls of remove curse
 Y - a scroll of vulnerability {unknown}
Potions
 t - 3 potions of cancellation
 u - 4 potions of magic
 v - 5 potions of curing
 x - 5 potions of flight
 C - a potion of might
 G - 5 potions of ambrosia
 H - 2 potions of heal wounds
 K - 5 potions of agility
 S - 2 potions of brilliance
 X - 4 potions of invisibility
Books
 l - a book of Spatial Translocations

   Spells                             Type                      Level
   a - Apportation                    Translocation                1
   b - Blink                          Translocation                2
   c - Shroud of Golubria             Charms/Translocation         2
   d - Portal Projectile              Translocation                3
   e - Teleport Other                 Translocation                3
   f - Passage of Golubria            Translocation                4
 m - Halucej's Guide on Dark Stones
   (You found it on level 1 of the Vaults)

   Spells                             Type                      Level
   a - Corpse Rot                     Necromancy                   2
   b - Passwall                       Transmutation/Earth          2
   c - Animate Dead                   Necromancy                   4
   d - Bolt of Magma                  Conjuration/Fire/Earth       5
   e - Statue Form                    Transmutation/Earth          6
 J - a book of Transfigurations

   Spells                             Type                      Level
   a - Irradiate                      Conjuration/Transmutation    5
   b - Statue Form                    Transmutation/Earth          6
   c - Hydra Form                     Transmutation                6
   d - Dragon Form                    Transmutation                7
 U - a book of the Sky

   Spells                             Type                      Level
   a - Summon Lightning Spire         Summoning/Air                4
   b - Airstrike                      Air                          4
   c - Silence                        Hexes/Air                    5
   d - Deflect Missiles               Charms/Air                   6
   e - Conjure Ball Lightning         Conjuration/Air              6
   f - Tornado                        Air                          9
 W - a book of Changes

   Spells                             Type                      Level
   a - Beastly Appendage              Transmutation                1
   b - Sticks to Snakes               Transmutation                2
   c - Spider Form                    Transmutation/Poison         3
   d - Ice Form                       Ice/Transmutation            4
   e - Blade Hands                    Transmutation                5
Miscellaneous
 Z - a box of beasts
Comestibles
 b - 21 bread rations
 c - 6 beef jerkies
 p - 5 slices of pizza
 q - 11 meat rations
 w - 22 fruits


   Skills:
 + Level 11.1 Fighting
 - Level 12.7 Dodging
 - Level 3.0 Stealth
 + Level 11.3 Unarmed Combat
 + Level 9.3 Spellcasting
 + Level 2.2 Translocations
 + Level 18.4 Transmutations
 + Level 9.5 Air Magic
 - Level 11.0 Earth Magic
 + Level 12.6 Invocations


You had 16 spell levels left.
You knew the following spells:

 Your Spells              Type           Power        Failure   Level  Hunger
a - Blade Hands           Trmt           #######...   1%          5    ###....
b - Statue Form           Trmt/Erth      #######..    1%          6    #####..
c - Blink                 Tloc           N/A          1%          2    None
d - Apportation           Tloc           ####......   1%          1    None
e - Passage of Golubria   Tloc           N/A          14%         4    None
f - Repel Missiles        Chrm/Air       #####.       1%          2    None


Dungeon Overview and Level Annotations

Branches:
Dungeon (15/15)            Temple (0/1) D:7            Lair (8/8) D:11
 Shoals (0/4) Lair:5       Spider (4/4) Lair:3        Slime (0/6) Lair:8
    Orc (2/2) D:9             Elf (0/3) Orc:2        Vaults (1/5) D:14
 Depths (0/5) D:15

Altars:
Cheibriados
Elyvilon
Gozag
Makhleb
Okawaru
Pakellas
Ru
Trog
Vehumet
Xom
Yredelemnul
The Shining One
Beogh
Jiyva

Shops:
D:5 *   D:11 :   D:13 :   Orc:1 *   Orc:2 (:[*   Vaults:1 ?

Annotations:
Lair:6 exclusion: oklob plant


Innate Abilities, Weirdness & Mutations

You cannot wear boots.
((Your serpentine skin is tough (AC +6).))
You have supernaturally acute eyesight.
Armour fits poorly on your strangely shaped body.
Your system is resistant to poisons.
((You cover ground very slowly.))
You have a slow metabolism.
You can spit poison.
You can use your snake-like lower body to constrict enemies.
You have a pair of small horns on your head.
Your mind is acute. (Int +2)
You occasionally shout uncontrollably at your foes.


Message History

The white very ugly thing stings you but does no damage.
The smoke demon gestures at you. Something smites you!
* * * LOW HITPOINT WARNING * * *
The white very ugly thing misses you.
You pulverise the white very ugly thing!!!!
You kill the white very ugly thing!
Cheibriados thoroughly appreciates the change of pace.
Drink which item? (? for menu, Esc to quit)
You feel better.
The white very ugly thing barely misses you.
The smoke demon gestures at you. Something smites you!
* * * LOW HITPOINT WARNING * * *
Unknown command.
Drink which item? (? for menu, Esc to quit)
You feel better. The white very ugly thing pecks you!
* * * LOW HITPOINT WARNING * * *
The white very ugly thing freezes you!!
You die...

. . # # . .
# # . x .
...## . . .
. #.#. .#.
.. . # ..
### . . #8#
.. # .
#u#.# .. .#
#u#. .# # .
###X#.
#..>Xu. . #
....#3....#
....
..........
. ....
........ .
. .. ...
... .. .


You could see a white very ugly thing, 2 ugly things, 2 large abominations and a
smoke demon.

Vanquished Creatures
  A bone dragon (Abyss:3)
  Rupert (D:13)
  2 tentacled starspawn (Abyss:3)
  Frances (D:13)
  3 ghost moths
  A cacodemon (Abyss:2)
  A daeva (Abyss:3)
  7 vault wardens (Vaults:1)
  2 orc warlords
  Louise (Spider:4)
  A draconian shifter (Abyss:2)
  8 emperor scorpions
  An ironheart preserver (Vaults:1)
  6 very ugly things (Abyss:3)
  A yellow draconian (Abyss:2)
  Azrael (Orc:2)
  3 spark wasps
  A blizzard demon (IceCv)
  A minotaur (Lab)
  An eidolon (Abyss:3)
  2 entropy weavers (Spider:2)
  3 yaktaur captains (Vaults:1)
  4 vault guards (Vaults:1)
  A great orb of eyes (Vaults:1)
  10 hydras
  6 ogre magi
  4 centaur warriors
  The ghost of Thomus the Eclecticist, a journeyman DECj of Vehumet (Lair:4)
  2 dancing weapons (D:14)
  A queen ant (Spider:3)
  4 death yaks (Lair:5)
  3 orc high priests (Orc:2)
  3 tengu warriors
  A hell hog (Abyss:3)
  A thrashing horror (Abyss:2)
  5 wretched stars
  A shadow wraith (Vaults:1)
  A giant orange brain (Vaults:1)
  2 anaconda zombies (Abyss:3)
  An anaconda skeleton (Abyss:3)
  6 unseen horrors
  4 ironbrand convokers (Vaults:1)
  An anubis guard (shapeshifter) (D:15)
  9 hill giants
  5 orc knights
  A deep elf mage (D:15)
  28 wolf spiders
  A necromancer (Vaults:1)
  A hornet (shapeshifter) (D:15)
  A wolf spider zombie (D:15)
  4 orc sorcerers (Orc:2)
  4 griffons
  A manticore (D:13)
  An oklob plant (Lair:5)
  27 ugly things
  18 orb spiders
  5 cyclopes
  4 hornets
  2 moths of wrath
  A worldbinder (Abyss:3)
  Joseph (D:9)
  2 sirens (Lair:5)
  11 elephants (Lair:8)
  An elephant (shapeshifter) (Vaults:1)
  6 black mambas
  4 ice statues (IceCv)
  3 smoke demons
  2 centaur zombies
  2 vault sentinels (Vaults:1)
  An orange demon (Abyss:2)
  2 torpor snails
  4 gargoyles
  29 spiny frogs
  2 hellions (Abyss:3)
  2 rime drakes
  A freezing wraith (Vaults:1)
  10 yaktaurs (Vaults:1)
  3 kobold demonologists
  9 komodo dragons
  4 anaconda simulacra (IceCv)
  8 demonic crawlers
  A golden dragon simulacrum (IceCv)
  12 ice devils (IceCv)
  3 merfolk (Lair:5)
  3 tengu conjurers
  27 jumping spiders
  A wind drake (shapeshifter) (Vaults:1)
  5 ancient zymes
  10 trolls
  9 two-headed ogres
  16 slime creatures
  A giant leech (Lair:8)
  A polar bear (Lair:3)
  Prince Ribbit (D:6)
  32 blink frogs
  4 boulder beetles
  A centaur simulacrum (D:14)
  A raiju (Abyss:2)
  6 starcursed masses (Abyss:3)
  67 redbacks
  A spriggan (Lair:3)
  4 ynoxinuls (Abyss:3)
  29 tarantellas
  3 wraiths
  A vampire (D:13)
  3 wyverns
  Eustachio (D:6)
  63 yaks
  6 small abominations
  3 basilisks
  6 large abominations
  4 fire elementals (Orc:2)
  11 hippogriffs
  2 chaos spawn
  2 hungry ghosts
  3 neqoxecs
  18 vampire mosquitoes
  A mottled dragon (D:13)
  13 wargs
  13 water moccasins
  2 harpy simulacra (IceCv)
  4 soldier ants (Spider:3)
  Duvessa (D:6)
  A hydra simulacrum (IceCv)
  15 porcupines
  14 ice beasts
  An ice beast (shapeshifter) (D:13)
  3 necrophages
  4 black bears
  2 ettin simulacra (IceCv)
  An eye of draining (shapeshifter) (D:15)
  2 sky beasts
  A wasp (D:9)
  51 orc warriors
  43 ogres
  2 phantoms
  4 boggarts (D:15)
  16 wolves
  A tengu (shapeshifter) (Vaults:1)
  14 crocodiles
  11 centaurs
  48 giant frogs
  A wyvern zombie (D:7)
  4 scorpions
  2 wyvern skeletons
  Dowan (D:6)
  5 killer bees (D:9)
  7 wights
  3 spriggan skeletons (D:10)
  A troll skeleton (D:10)
  7 howler monkeys
  7 electric eels
  9 crimson imps
  A wasp zombie (D:7)
  3 giant frog zombies
  5 hounds
  An iron imp (Abyss:3)
  6 jellies
  28 orc priests
  5 centaur skeletons
  3 giant frog skeletons
  13 iguanas
  39 orc wizards
  10 worker ants
  2 killer bee zombies
  12 sheep
  A gnoll (D:5)
  8 adders
  A howler monkey skeleton (D:5)
  90 river rats
  2 shadow imps
  A white imp (Abyss:3)
  An ufetubus (Abyss:3)
  5 oozes
  An adder skeleton (D:8)
  2 worms
  3 dart slugs
  7 giant geckos
  141 orcs
  6 bats
  10 giant cockroaches
  7 goblins
  5 hobgoblins
  8 jackals
  2 quokkas
  2 ball pythons
  A giant gecko zombie (D:6)
  9 giant newts
  10 kobolds
  11 rats
  A fungus (Lair:8)
  6 plants
  4 starspawn tentacles (Abyss:3)
1480 creatures vanquished.

Vanquished Creatures (others)
  A blizzard demon (IceCv)
  An ogre mage (Vaults:1)
  A skeletal warrior (Vaults:1)
  2 jumping spiders
  A vampire mosquito (Vaults:1)
  A small abomination (Abyss:3)
  A jelly (D:2)
  An orc wizard (Orc:1)
  3 bushes (Lair:8)
  29 fungi
  3 lurking horrors
  22 plants
  3 starspawn tentacles (Abyss:3)
  58 starspawn tentacle segments (Abyss:3)
127 creatures vanquished.

Grand Total: 1607 creatures vanquished

Notes
Turn   | Place    | Note
--------------------------------------------------------------
     0 | D:1      | epen the Naga Monk began the quest for the Orb.
     0 | D:1      | Reached XP level 1. HP: 21/21 MP: 1/1
    80 | D:1      | Reached XP level 2. HP: 25/28 MP: 2/2
   478 | D:1      | Reached XP level 3. HP: 22/34 MP: 3/3
   989 | D:2      | Found a faded altar to an unknown god.
  1018 | D:2      | Found a radiant altar of Vehumet.
  1212 | D:2      | Reached XP level 4. HP: 33/42 MP: 4/4
  1251 | D:2      | Found a glowing golden altar of the Shining One.
  1381 | D:2      | Found a sacrificial altar of Ru.
  1422 | D:2      | Found an opulent altar of Gozag.
  1499 | D:2      | Found an oddly glowing altar of Pakellas.
  1499 | D:2      | Noticed an orange crystal statue
  2147 | D:3      | Noticed a phantom
  3516 | D:4      | Got an ichor-stained flail
  3517 | D:4      | Identified the +6 flail "Lorem Ipsum" {crush, rN+} (You found it on level 4 of the Dungeon)
  3747 | D:4      | Reached XP level 5. HP: 34/50 MP: 5/5
  3879 | D:4      | Reached skill level 5 in Unarmed Combat
  3938 | D:4      | Reached XP level 6. HP: 48/57 MP: 6/6
  4486 | D:5      | Entered Level 5 of the Dungeon
  4758 | D:5      | Found a burning altar of Makhleb.
  4759 | D:5      | Found a shimmering altar of Xom.
  4765 | D:5      | Reached XP level 7. HP: 58/66 MP: 7/7
  5063 | D:5      | Reached skill level 5 in Dodging
  5180 | D:5      | Gained mutation: You have a pair of small horns on your head. [potion of mutation]
  5180 | D:5      | Gained mutation: Your mind is acute. (Int +2) [potion of mutation]
  5180 | D:5      | Gained mutation: You occasionally shout uncontrollably at your foes. [potion of mutation]
  5199 | D:5      | Reached skill level 5 in Fighting
  5482 | D:5      | Reached XP level 8. HP: 74/74 MP: 8/8
  5498 | D:5      | Found Povomai's Assorted Antiques.
  5699 | D:6      | Noticed Eustachio
  5710 | D:6      | Killed Eustachio
  5800 | D:6      | Noticed Prince Ribbit
  6333 | D:6      | Found a snail-covered altar of Cheibriados.
  6365 | D:6      | Found an iron altar of Okawaru.
  6378 | D:6      | Became a worshipper of Cheibriados the Contemplative
  6378 | D:6      | Reached * piety under Cheibriados
  6378 | D:6      | Reached ** piety under Cheibriados
  6445 | D:6      | Noticed Duvessa
  6445 | D:6      | Noticed Dowan
  6448 | D:6      | Killed Dowan
  6457 | D:6      | Killed Duvessa
  6459 | D:6      | Reached XP level 9. HP: 15/82 MP: 9/9
  6842 | D:6      | Killed Prince Ribbit
  6842 | D:6      | Reached skill level 1 in Invocations
  7314 | D:6      | Reached *** piety under Cheibriados
  7648 | D:7      | Reached **** piety under Cheibriados
  7983 | D:7      | Identified a scroll of acquirement
  7984 | D:7      | Got a pair of faintly humming gloves
  7995 | D:7      | Identified the +1 pair of gloves of Sif Muna's Favour {rF+ Dex+7 SInv} (You acquired it on level 7 of the Dungeon)
  8028 | D:7      | Found a staircase to the Ecumenical Temple.
  8586 | D:8      | Reached XP level 10. HP: 92/92 MP: 13/13
  8712 | D:8      | Reached skill level 5 in Invocations
  8852 | D:8      | Found a bloodstained altar of Trog.
  8902 | D:8      | Found a basalt altar of Yredelemnul.
  9059 | D:8      | Found a shimmering altar of Xom.
  9156 | D:8      | Found a white marble altar of Elyvilon.
  9337 | D:9      | Reached ***** piety under Cheibriados
  9655 | D:9      | Noticed Joseph
  9670 | D:9      | Killed Joseph
 10075 | D:9      | Found a staircase to the Orcish Mines.
 10397 | D:9      | Found a roughly hewn altar of Beogh.
 10503 | D:10     | Entered Level 10 of the Dungeon
 10706 | D:10     | Noticed an unseen horror
 10731 | D:10     | Killed an unseen horror
 10989 | D:10     | Reached ****** piety under Cheibriados
 10989 | D:10     | Reached XP level 11. HP: 103/103 MP: 16/16
 11325 | D:10     | Noticed an unseen horror
 11449 | D:10     | Killed an unseen horror
 11977 | D:11     | Noticed a hill giant
 11983 | D:11     | Killed a hill giant
 12236 | D:11     | Found Boxaf's Book Boutique.
 12244 | D:11     | Bought a book of Changes for 300 gold pieces
 12250 | D:11     | Learned a level 5 spell: Blade Hands
 12288 | D:11     | Reached skill level 1 in Transmutations
 12442 | D:11     | Found a staircase to the Lair.
 12484 | D:11     | Reached skill level 2 in Transmutations
 12502 | D:11     | Noticed a six-headed hydra
 12510 | D:11     | Killed a six-headed hydra
 12510 | D:11     | Reached skill level 10 in Dodging
 12629 | D:11     | Reached skill level 3 in Transmutations
 12753 | D:11     | Noticed a cyan ugly thing
 12761 | D:11     | Killed a cyan ugly thing
 12765 | D:11     | Reached XP level 12. HP: 86/112 MP: 19/19
 12989 | Lair:1   | Entered Level 1 of the Lair of Beasts
 13012 | Lair:1   | Reached skill level 4 in Transmutations
 13943 | Lair:2   | Reached skill level 10 in Invocations
 14034 | Lair:2   | Noticed a seven-headed hydra
 14043 | Lair:2   | Killed a seven-headed hydra
 14100 | Lair:2   | Noticed a seven-headed hydra
 14112 | Lair:2   | Killed a seven-headed hydra
 14397 | Lair:2   | Reached skill level 5 in Transmutations
 15388 | Lair:3   | Found a hole to the Spider Nest.
 15572 | Lair:3   | Reached skill level 6 in Transmutations
 15581 | Lair:3   | Gained mutation: You can use your snake-like lower body to constrict enemies. [Naga growth]
 15581 | Lair:3   | Reached XP level 13. HP: 121/121 MP: 21/21
 15919 | Lair:4   | Reached skill level 10 in Unarmed Combat
 16104 | Lair:4   | Noticed Thomus's ghost (journeyman DECj)
 17024 | Lair:5   | Reached skill level 7 in Transmutations
 17304 | Lair:5   | Reached skill level 1 in Spellcasting
 17932 | Lair:5   | Reached skill level 10 in Fighting
 18072 | Lair:5   | Found a staircase to the Shoals.
 18081 | Lair:5   | Reached skill level 8 in Transmutations
 18625 | Lair:6   | Reached XP level 14. HP: 124/132 MP: 16/22
 20045 | Lair:8   | Entered Level 8 of the Lair of Beasts
 20115 | Lair:8   | Reached skill level 9 in Transmutations
 20201 | Lair:8   | Found a viscous altar of Jiyva.
 20202 | Lair:8   | Found a staircase to the Slime Pits.
 20235 | Lair:8   | Found a labyrinth entrance.
 20244 | Lab      | Entered a labyrinth
 20410 | Lab      | Got a pair of ancient gloves
 20436 | Lab      | Identified the cursed +0 pair of gloves of the Dozen Beggars {MR+ Int+2 Dex+2} (You found it in a labyrinth)
 20448 | Lab      | Got a warped rapier
 20450 | Lab      | Identified the cursed +1 rapier of Moargh {drain, Int+3} (You found it in a labyrinth)
 21124 | Lair:8   | Reached XP level 15. HP: 127/140 MP: 24/24
 21438 | Lair:4   | Killed Thomus's ghost
 21519 | D:11     | Reached skill level 10 in Transmutations
 21556 | D:11     | Bought a book of Transfigurations for 660 gold pieces
 21563 | D:11     | Learned a level 6 spell: Statue Form
 21637 | Orc:1    | Entered Level 1 of the Orcish Mines
 21678 | Orc:1    | Noticed an orc warlord
 21683 | Orc:1    | Killed an orc warlord
 22104 | Orc:1    | You fall through a shaft!
 22104 | Orc:2    | Entered Level 2 of the Orcish Mines
 22108 | Orc:2    | Found a staircase to the Elven Halls.
 22180 | Orc:2    | Reached skill level 11 in Transmutations
 22614 | Orc:2    | Noticed Azrael
 22619 | Orc:2    | Killed Azrael
 22641 | Orc:2    | Noticed an orc warlord
 22748 | Orc:2    | Killed an orc warlord
 22748 | Orc:2    | Reached skill level 12 in Transmutations
 23104 | Orc:2    | Paralysed by an orc sorcerer for 3 turns
 23682 | Orc:2    | Found Rewec's Antique Armour Boutique.
 23683 | Orc:2    | Found Eklitt's Antique Weapon Shop.
 23685 | Orc:2    | Found Zaguptem's General Store.
 23685 | Orc:2    | Found Hifux's Book Boutique.
 23702 | Orc:2    | Bought a cloak for 103 gold pieces
 24133 | Orc:1    | Found Sittigu's Assorted Antiques.
 24142 | Orc:1    | Bought a potion of agility for 112 gold pieces
 24403 | D:12     | Reached skill level 1 in Earth Magic
 24421 | D:12     | Found an iron altar of Okawaru.
 25082 | D:13     | Reached skill level 13 in Transmutations
 25145 | D:13     | Found a roughly hewn altar of Beogh.
 25211 | D:13     | Learned a level 2 spell: Blink
 25213 | D:13     | Learned a level 1 spell: Apportation
 25218 | D:13     | Learned a level 4 spell: Passage of Golubria
 25300 | D:13     | Noticed Rupert
 25303 | D:13     | Paralysed by Rupert for 5 turns
 25322 | D:13     | Killed Rupert
 25645 | D:13     | Found Ugimna's Book Boutique.
 25646 | D:13     | Noticed Frances
 25658 | D:13     | Killed Frances
 25658 | D:13     | Reached XP level 16. HP: 127/148 MP: 21/25
 25677 | D:13     | Got a shimmering helmet
 25679 | D:13     | Identified the +4 helmet of Evolution {Slay+3} (You found it on level 13 of the Dungeon)
 25704 | D:13     | Reached skill level 5 in Earth Magic
 25962 | D:13     | Bought a book of Air for 595 gold pieces
 25965 | D:13     | Learned a level 2 spell: Repel Missiles
 26191 | D:14     | Found a gate to the Vaults.
 26356 | D:14     | Reached skill level 14 in Transmutations
 27003 | D:15     | Entered Level 15 of the Dungeon
 27277 | D:15     | Found a staircase to the Depths.
 27878 | D:15     | Found a portal to a secret trove of treasure.
 27911 | D:15     | You paid a toll of 2 potions of cure mutation to enter a treasure trove
 27912 | Trove    | Entered a treasure trove
 27982 | Trove    | Got a scorched platinum amulet
 27983 | Trove    | Identified the amulet of Muplam {RegenMP rC++ Stlth+} (You found it in a treasure trove)
 27988 | Trove    | Got a vibrating marble ring
 27989 | Trove    | Identified the ring of the Eight Seas {Wiz Dex+6} (You found it in a treasure trove)
 28367 | Spider:1 | Entered Level 1 of the Spider Nest
 28379 | Spider:1 | Reached skill level 1 in Air Magic
 28469 | Spider:1 | Reached skill level 15 in Transmutations
 28470 | Spider:1 | Found a frozen archway.
 28481 | Spider:1 | Reached XP level 17. HP: 108/156 MP: 15/26
 28484 | IceCv    | Entered an ice cave
 29445 | Spider:1 | CHEIR
 29762 | Spider:2 | Reached skill level 10 in Earth Magic
 29827 | Spider:2 | Reached skill level 5 in Spellcasting
 31160 | Spider:3 | Reached skill level 5 in Air Magic
 31333 | Spider:4 | Entered Level 4 of the Spider Nest
 31372 | Spider:4 | Reached skill level 16 in Transmutations
 31747 | Spider:4 | Reached XP level 18. HP: 163/163 MP: 23/27
 32114 | Spider:4 | Noticed Louise
 32139 | Spider:4 | Killed Louise
 32656 | Spider:4 | Got a gossamer rune of Zot
 33011 | Vaults:1 | Entered Level 1 of the Vaults
 33069 | Vaults:1 | Found Quotauma's Magic Scroll Shop.
 33076 | Vaults:1 | Bought a scroll of fog for 32 gold pieces
 33076 | Vaults:1 | Bought a scroll of identify for 32 gold pieces
 33076 | Vaults:1 | Bought 3 scrolls of remove curse for 144 gold pieces
 33113 | Vaults:1 | Reached skill level 17 in Transmutations
 33500 | Vaults:1 | Reached XP level 19. HP: 170/170 MP: 24/31
 33530 | Vaults:1 | Identified Halucej's Guide on Dark Stones
 33814 | Vaults:1 | Cast into level 2 of the Abyss (a deep elf sorcerer)
 33931 | Abyss:2  | Reached skill level 18 in Transmutations
 34328 | Abyss:3  | Reached skill level 1 in Translocations
 34343 | Abyss:3  | Noticed a bone dragon
 34352 | Abyss:3  | Killed a bone dragon
 34405 | Abyss:3  | Slain by a white very ugly thing

Skill      XL: |  1  2  3  4  5  6  7  8  9 10 11 12 13 14 15 16 17 18 19 |
---------------+----------------------------------------------------------+-----
Dodging        | 3 4 5 6 8 9 10 11 12 | 12.7
Fighting       | 4 5 6 7 8 9 10 11 | 11.1
Unarmed Combat | 5 6 7 8 9 10 11 | 11.3
Invocations    | 4 7 9 10 11 12 | 12.6
Transmutations | 3 6 8 9 13 15 16 17 18 | 18.4
Spellcasting   | 2 4 6 8 9 |  9.3
Earth Magic    | 4 9 11 | 11.0
Air Magic      | 2 5 8 9 |  9.5
Translocations | 2 |  2.2
Stealth        | |  3.0

Action                   |  1- 3 |  4- 6 |  7- 9 | 10-12 | 13-15 | 16-18 | 19-21 || total
-------------------------+-------+-------+-------+-------+-------+-------+-------++-------
Melee: Unarmed           |    20 |    14 |       |   495 |   881 |   962 |   204 ||  2576
       Short sword       |    12 |    24 |       |       |       |       |       ||    36
       Whip              |    61 |    46 |       |       |       |       |       ||   107
       Punch             |     1 |     2 |     8 |    54 |    82 |    81 |    22 ||   250
       Flail             |       |    53 |   225 |    65 |       |       |       ||   343
       Headbutt          |       |       |    41 |   220 |   346 |   376 |    77 ||  1060
       Constrict         |       |       |       |       |   252 |   236 |    34 ||   522
 Cast: Blade Hands       |       |       |       |       |    44 |     6 |       ||    50
       Statue Form       |       |       |       |       |       |    53 |    15 ||    68
       Repel Missiles    |       |       |       |       |       |     5 |     2 ||     7
Invok: Slouch            |       |       |       |     8 |    17 |    24 |     6 ||    55
       Step From Time    |       |       |       |       |     1 |       |       ||     1
 Abil: Spit Poison       |       |     1 |     1 |     2 |     2 |       |       ||     6
       End Transformatio |       |       |       |       |       |     1 |       ||     1
Evoke: Wand              |       |     1 |       |       |       |     9 |     1 ||    11
  Use: Scroll            |       |    11 |    10 |    11 |    11 |     8 |     1 ||    52
       Potion            |       |     1 |     1 |       |     3 |     1 |     4 ||    10
 Stab: Sleeping          |     6 |     5 |     8 |    14 |    13 |    10 |       ||    56
       Distracted        |       |       |     1 |     3 |     7 |     2 |     2 ||    15
  Eat: Chunk             |       |     5 |     9 |    13 |    35 |    23 |     3 ||    88
       Bread ration      |       |     1 |       |       |       |       |     1 ||     2
       Royal jelly       |       |       |       |     3 |     3 |     1 |       ||     7
       Fruit             |       |       |       |       |       |    12 |     2 ||    14
       Meat ration       |       |       |       |       |       |     2 |       ||     2
Armor: Robe              |    14 |    29 |    44 |    34 |    47 |    47 |     1 ||   216
       Plate armour      |       |       |    24 |    53 |       |       |       ||    77
       Troll leather arm |       |       |       |    68 |    64 |       |       ||   132
       Skin              |       |       |       |       |       |   337 |    61 ||   398
Dodge: Dodged            |    43 |    89 |   254 |   693 |  1148 |  1995 |   437 ||  4659
       Deflected         |       |       |       |       |       |    14 |     8 ||    22
